 Dungeon Crawl Stone Soup version 0.30.1-3-gfc49f6343a (webtiles) character file.

Game seed: 11768969155420227384

63 zeram the Sneak (level 4, -1/29 HPs)
             Began as an Octopode Brigand on July 24, 2023.
             Slain by a hound (3 damage)
             ... on level 4 of the Dungeon.
             The game lasted 00:03:54 (2365 turns).

zeram the Sneak (Octopode Brigand)                  Turns: 2365, Time: 00:03:55

Health: -1/29      AC:  1    Str: 10    XL:     4   Next: 10%
Magic:  4/4        EV: 12    Int: 13    God:
Gold:   176        SH:  0    Dex: 15    Spells: 3/3 levels left

rFire   . . .        a - +2 dagger
rCold   . . .        (no shield)
rNeg    . . .        (helmet restricted)
rPois   .            i - amulet of magic regeneration
rElec   .            f - ring of flight
rCorr   .            (no ring)
SInv    .            (no ring)
Will    .....        (no ring)
Stlth   +++++        (no ring)
HPRegen 0.24/turn    (no ring)
MPRegen 0.49/turn    (no ring)
                     (no ring)

%: no passive effects
@: mighty, flying
A: almost no armour, amphibious, 8 rings, camouflage 1, gelatinous body 1,
(nimble swimmer 1), tentacles
a: no special abilities


You were on level 4 of the Dungeon.
You visited 1 branch of the dungeon, and saw 4 of its levels.

You collected 176 gold pieces.

Inventory:

Hand Weapons
 a - a +2 dagger (weapon)
Missiles
 b - 9 poisoned darts (quivered)
 c - 3 curare-tipped darts
 o - 6 atropa-tipped darts
Jewellery
 e - a +4 ring of protection
 f - a ring of flight (left tentacle)
 i - an amulet of magic regeneration (around mantle)
Scrolls
 h - a scroll of magic mapping
 l - a scroll of enchant weapon {unknown}
 p - a scroll of teleportation {unknown}
Potions
 g - 3 potions of degeneration
 j - 2 potions of cancellation
 n - a potion of flight


   Skills:
 + Level 2.1 Fighting
 + Level 2.2 Short Blades
 + Level 2.1 Throwing
 + Level 1.0 Dodging
 + Level 7.2 Stealth


You had 3 spell levels left.
You didn't know any spells.
Your spell library was empty.

Dungeon Overview and Level Annotations

Branches:
Dungeon (4/15)
 Temple: D:4-7

Altars:

Shops:
D:3 *

Annotations:
D:4 1 runed translucent door, spardeous's ghost, amateur DgEE


Innate Abilities, Weirdness & Mutations

You cannot wear most types of armour.
You are amphibious.
You can wear up to eight rings at the same time.
Your skin changes colour to match your surroundings (Stealth+).
Your rubbery body absorbs attacks. (AC +1, EV +1)
((You are camouflaged when in or above water. (Stealth+)))
You have tentacles for arms and can constrict up to eight enemies at once.


Message History

You hear the slow hiss of a very distant avalanche of sand.
You see here a +0 dagger.
A hound comes into view.
Found 13 gold pieces.
A kobold and a dart slug come into view.
The hound barks!
You hear a shout! x2
A hobgoblin comes into view.
Found a robe.
A scorpion comes into view.
The hound bites you.
You hit the hound but do no damage. Your grab misses the hound.
The hound closely misses you. The hobgoblin hits you.
You miss the hound. Your grab misses the hound. The hound bites you.
The hobgoblin hits you. The hound bites you. The hound bites you.
The kobold hits you with a +0 short sword.
The hound attacks as you move away! The hound bites you.
The kobold hits you with a +0 short sword.
* * * LOW HITPOINT WARNING * * *
The hound bites you.
* * * LOW HITPOINT WARNING * * *
The hobgoblin attacks as you move away! The hobgoblin barely misses you.
The kobold attacks as you move away!
The kobold hits you with a +0 short sword.
* * * LOW HITPOINT WARNING * * *
Okay, then.
Blink to where?
Press: ? - help, Dir - move target
As you read the scroll of blinking, it crumbles to dust.
The hound pauses to sniff the ground.
The hound barely misses you. The hound attacks as you move away!
The hound barely misses you. The hound bites you.
* * * LOW HITPOINT WARNING * * *
Okay, then.
Unknown command.
Okay, then.
You feel very mighty all of a sudden. The hound barely misses you.
The hound bites you.
You die...

### #.##### #..)..#
#.###.# ##### #.#
#.######.$.####### #.#
#......#l?!#.....#
#.##########W..####.##
#......#.@<##+## #.#
######.#h###...####.#
...#.#............#
##.#.####.#...#####
#..g.K....###.#...#
#.s#.#....# #.#.#.# #
#..#.#.##.# #.#.#.#
#.#K.#.#.##.###.#.#.#
#####.#g....)##.......#.#


You could see a hound.

Vanquished Creatures
  An adder (D:2)
  2 worms (D:3)
  An orc (D:3)
  5 ball pythons
  4 bats
  5 endoplasms
  4 giant cockroaches
  2 goblins
  8 hobgoblins
  A quokka (D:1)
  5 kobolds
  4 rats
42 creatures vanquished.

Notes
Turn   | Place    | Note
-------+----------+-------------------------------------------
     0 | D:1      | zeram the Octopode Brigand began the quest for the Orb.
     0 | D:1      | Reached XP level 1. HP: 14/14 MP: 1/1
     0 | D:1      | Noticed an iron dragon
     0 | D:1      | Noticed a shadow dragon
     3 | D:1      | Noticed a large abomination
     5 | D:1      | Noticed a shadow dragon
     6 | D:1      | Noticed a shadow dragon
     7 | D:1      | Noticed a purple draconian
     8 | D:1      | Noticed a red draconian
     9 | D:1      | Noticed a large abomination
    11 | D:1      | Noticed a tentacled monstrosity
    11 | D:1      | Noticed a red draconian
    13 | D:1      | Noticed a tentacled monstrosity
    15 | D:1      | Noticed a red draconian
    15 | D:1      | Noticed an ice dragon
    17 | D:1      | Noticed a golden dragon
    17 | D:1      | Noticed a red draconian
    19 | D:1      | Noticed an iron dragon
    21 | D:1      | Noticed an iron dragon
   133 | D:1      | Reached XP level 2. HP: 19/19 MP: 2/2
   174 | D:1      | Reached skill level 6 in Stealth
   482 | D:1      | Reached XP level 3. HP: 24/24 MP: 3/3
  1462 | D:3      | Found Oshohiyr's Assorted Antiques.
  1554 | D:3      | Reached skill level 7 in Stealth
  1896 | D:3      | Reached XP level 4. HP: 29/29 MP: 4/4
  2223 | D:4      | Found a runed translucent door.
  2224 | D:4      | Noticed a wyvern
  2224 | D:4      | Noticed spardeous's ghost (amateur DgEE)
  2349 | D:4      | Noticed a scorpion
  2354 | D:4      | HP: 1/29 [kobold/+0 short sword (3)]
  2363 | D:4      | HP: 1/29 [hound (2)]
  2365 | D:4      | Slain by a hound

Illustrated notes

Levels and vault maps discovered:
D:1:      shiori_arrival_whats_in_store_for_you, layout_basic,
          nicolae_eternal_life
D:2:      layout_basic
D:3:      layout_basic, serial_shops, nicolae_shop_rolling_square
D:4:      layout_basic, enter_ossuary_5, ebering_ghost_inner_flame,
          serial_shops, shop, st_stairs_7, uniq_menkaure

Skill      XL: |  1  2  3 |
---------------+----------+-----
Stealth        | 6 7 |  7.2
Fighting       | |  2.1
Short Blades   | |  2.2
Throwing       | |  2.1
Dodging        | |  1.0

Action                     |  1- 3 |  4- 6 || total
---------------------------+-------+-------++-------
  Melee: Dagger            |    58 |     8 ||    66
         Tentacles         |    11 |       ||    11
         Constrict         |    12 |     1 ||    13
         Punch             |     1 |       ||     1
    Use: Scroll            |     4 |     4 ||     8
         Potion            |       |     1 ||     1
   Stab: Sleeping          |    20 |     3 ||    23
 Armour: Skin              |     2 |       ||     2
  Dodge: Dodged            |    18 |     7 ||    25
